 Dungeon Crawl Stone Soup version bcrawl-1.41.1 (webtiles) character file.

Game seed: 4686225641272003773

311735 rumpelstilzz the Ducker (level 9, -1/85 HPs)
             Began as a Troll Warper on Apr 20, 2024.
             Was an Initiate of Qazlal.
             Succumbed to a killer bee's poison
             ... on level 8 of the Dungeon.
             The game lasted 00:18:05 (5670 turns).

rumpelstilzz the Ducker (Troll Warper)              Turns: 5670, Time: 00:18:05

Health: -1/85      AC: 10    Str: 21    XL:     9   Next: 38%
Magic:  13/13      EV: 13    Int: 11    God:    Qazlal [......]
Gold:   216        SH:  0    Dex: 11    Spells: 7/15 levels left

rFire    . . .     GDR:     27% a - +1 hand axe (flame)
rCold    + . .     SeeInvis .   (no shield)
rNeg     . . .     Gourm    +   (armour unavailable)
rPois    .         Faith    +   y - +2 hat
rElec    .         Spirit   .   E - scarf {stasis}
rCorr    .         Reflect  .   (gloves unavailable)
MR       .....                  (boots unavailable)
Stlth    +.........             g - amulet of faith
HPRegen  0.64/turn              u - ring of protection from cold
MPRegen  0.13/turn              C - +2 ring of evasion

@: lethally poisoned (-1 -> -49)
A: large, almost no armour, claws 3, fast metabolism 3, gourmand, regeneration
1, AC +8
a: Renounce Religion


You were on level 8 of the Dungeon.
You worshipped Qazlal.
Qazlal was noncommittal.
You were full.

You visited 1 branch of the dungeon, and saw 8 of its levels.

You collected 370 gold pieces.
You spent 154 gold pieces at shops.

Inventory:

Hand Weapons
 a - a +1 hand axe of flaming (weapon)
Missiles
 d - 65 large rocks (quivered)
 f - 2 throwing nets {=f}
 l - 1227 stones
 t - 187 poisoned tomahawks
Armour
 y - a +2 hat (worn)
 E - a scarf of stasis (worn)
Jewellery
 g - an amulet of faith (around neck)
 u - a ring of protection from cold (left claw)
 C - a +2 ring of evasion (right claw)
Wands
 k - a wand of polymorph (6)
 x - a wand of flame (2)
 A - a wand of paralysis (13)
 D - a wand of random effects (7)
Scrolls
 c - 2 scrolls of blinking
 i - 2 scrolls of identify
 r - 3 scrolls of remove curse
 w - a scroll of enchant armour
 z - a scroll of teleportation
Potions
 b - 3 potions of agility
 h - 2 potions of might
 j - a potion of invisibility {unknown}
 m - a potion of curing {unknown}
 n - 4 potions of haste
 p - 2 potions of brilliance
 q - 2 potions of flight
 s - 3 potions of heal wounds
 v - a potion of degeneration
 B - 2 potions of cancellation {unknown}
Comestibles
 e - 17 rations {!d}


   Skills:
 * Level 4.4 Fighting
   Level 0.2 Short Blades
 + Level 4.6 Axes
 * Level 4.5 Throwing
 * Level 4.8 Dodging
 - Level 0.5 Stealth
 + Level 2.8 Unarmed Combat
 * Level 3.6 Spellcasting
 + Level 3.4 Translocations
 + Level 2.0 Evocations


You had 7 spell levels left.
You knew the following spells:

 Your Spells              Type           Power        Failure   Level  Hunger
a - Blink Other           Tloc           #.....       6%          1    None
b - Apportation           Tloc           #.....       6%          1    None
c - Portal Projectile     Tloc           #.....       19%         3    ####...
d - Teleport Other        Tloc           #.......     19%         3    ####...

Your spell library contained the following spells:

 Spells                   Type           Power        Failure   Level  Hunger
 Blink                    Tloc           N/A          9%          2    None
 Force Lance              Tloc           #.......     52%         4    #####..


Dungeon Overview and Level Annotations

Branches:
Dungeon (8/12)
 Temple: D:4-7         Lair: D:7-9          Orc: D:8-11

Altars:
Elyvilon
Hepliaklqana
Lugonu
Okawaru
Qazlal
Zin

Shops:
D:4 !

Annotations:
D:8 1 runed door


Innate Abilities, Weirdness & Mutations

You cannot wear most types of armour.
Your thick skin is tough. (AC +8)
You are too large for most types of armour.
You have claws for hands.
Your metabolism is lightning-fast.
You like to eat raw meat.
Your natural rate of healing is unusually fast.


Message History

You feel very sick.
The killer bee stings you but does no damage.
The killer bee stings you.
* * * LOW HITPOINT WARNING * * *
You are more poisoned.
The killer bee poisons you! The killer bee closely misses you.
The killer bee barely misses you.
The killer bee stings you but does no damage. x2
The killer bee stings you.
* * * LOW HITPOINT WARNING * * *
The killer bee barely misses you. The killer bee closely misses you.
The killer bee barely misses you. The killer bee stings you.
* * * LOW HITPOINT WARNING * * *
You slash the killer bee! You burn the killer bee.
You kill the killer bee!
Qazlal accepts your kill.
You miss the killer bee. x2
You hit the killer bee but do no damage.
You miss the killer bee.
You die...

#..### .# ##...####### .#
#.........### .#
#......>...#. #.#
##............ #..
#....####..... .## #.##
##...## ##....
....###y###.รท..#####.....
.......y@#.>#.....#......
.....|.y.y..#####........
..?.........# ###......
............# #......
.......#....# #......
......##....# #......
...... ..##... #......
......#.#####..####......
.......# .P..........


You could see 4 killer bees.

Vanquished Creatures
  A harpy skeleton (D:7)
  A hippogriff (D:5)
  A porcupine (D:8)
  An orc warrior (D:5)
  A black bear (D:8)
  An ogre (D:5)
  2 ice beasts
  3 phantoms
  2 bullfrogs (D:7)
  A kobold brigand (D:6)
  A centaur (D:6)
  6 killer bees
  4 orc priests
  3 crimson imps
  2 jellies
  7 orc wizards
  A bullfrog skeleton (D:3)
  Jessica (D:2)
  Ijyb (D:5)
  2 iguanas
  7 worker ants
  A hound zombie (D:8)
  A worker ant zombie (D:5)
  2 gnolls (D:5)
  4 adders
  A shadow imp (D:5)
  2 adder zombies
  2 adder skeletons (D:5)
  5 worms
  2 dart slugs (D:2)
  3 leopard geckos
  22 orcs
  5 bats
  4 giant cockroaches
  2 goblins (D:5)
  9 hobgoblins
  7 jackals
  3 quokkas
  3 frilled lizards
  15 kobolds
  5 rats
147 creatures vanquished.

Notes
Turn   | Place    | Note
-------+----------+-------------------------------------------
     0 | D:1      | rumpelstilzz the Troll Warper began the quest for the Orb.
     0 | D:1      | Reached XP level 1. HP: 19/19 MP: 2/2
   229 | D:1      | Reached XP level 2. HP: 28/28 MP: 3/3
   813 | D:2      | Noticed Jessica
   818 | D:2      | Killed Jessica
   819 | D:2      | Reached XP level 3. HP: 35/35 MP: 4/4
  1458 | D:3      | Gained mutation: Your natural rate of healing is unusually
                  | fast. [Troll growth]
  1458 | D:3      | Reached XP level 4. HP: 30/42 MP: 5/5
  1479 | D:3      | Reached skill level 1 in Axes
  1761 | D:3      | Reached XP level 5. HP: 43/49 MP: 6/6
  1767 | D:3      | Found a faded altar of an unknown god.
  2640 | D:4      | Noticed a phantom
  2688 | D:4      | Killed a phantom
  2689 | D:4      | Reached XP level 6. HP: 55/59 MP: 7/7
  2731 | D:4      | Found Emops's Distillery.
  2736 | D:4      | Bought 2 potions of heal wounds for 140 gold pieces
  2736 | D:4      | Bought a potion of degeneration for 14 gold pieces
  3295 | D:4      | Learned a level 3 spell: Portal Projectile
  3299 | D:4      | Learned a level 3 spell: Teleport Other
  3300 | D:5      | Entered Level 5 of the Dungeon
  3393 | D:5      | Found an iron altar of Okawaru.
  3434 | D:5      | Reached XP level 7. HP: 66/66 MP: 8/8
  3694 | D:5      | Reached skill level 1 in Unarmed Combat
  3718 | D:5      | Noticed a hippogriff
  3723 | D:5      | Killed a hippogriff
  3724 | D:5      | Reached skill level 1 in Evocations
  3810 | D:5      | Reached XP level 8. HP: 74/75 MP: 10/10
  3917 | D:5      | Noticed Ijyb
  3918 | D:5      | Killed Ijyb
  4672 | D:7      | HP: 1/78 [harpy skeleton (5)]
  4674 | D:7      | Reached XP level 9. HP: 2/84 MP: 11/13
  4774 | D:7      | Found a stormy altar of Qazlal.
  4782 | D:7      | Became a worshipper of Qazlal Stormbringer
  5034 | D:7      | Found a white marble altar of Elyvilon.
  5037 | D:7      | Found a corrupted altar of Lugonu.
  5141 | D:7      | Found a glowing silver altar of Zin.
  5143 | D:7      | Found a hazy altar of Hepliaklqana.
  5496 | D:8      | Found a runed door.
  5669 | D:8      | HP: 4/85 [killer bee (2)]
  5670 | D:8      | Succumbed to a killer bee's poison

Skill      XL: |  1  2  3  4  5  6  7  8  9 |
---------------+----------------------------+-----
Dodging        | 2 3 4 |  4.8
Fighting       | 2 3 4 |  4.4
Axes           | 2 3 4 |  4.6
Throwing       | 2 3 4 |  4.5
Spellcasting   | 2 3 |  3.6
Unarmed Combat | 1 2 |  2.8
Evocations     | 1 2 |  2.0
Translocations | 3 |  3.4
Short Blades   | |  0.2
Stealth        | |  0.5

Action                   |  1- 3 |  4- 6 |  7- 9 || total
-------------------------+-------+-------+-------++-------
Melee: Dagger            |    97 |       |       ||    97
       Hand axe          |    67 |   143 |   318 ||   528
       Punch             |       |       |     4 ||     4
Throw: Large rock        |     2 |     9 |    24 ||    35
  Use: Scroll            |       |     8 |     4 ||    12
 Stab: Sleeping          |     2 |     2 |       ||     4
  Eat: Chunk             |     9 |    24 |    20 ||    53
       Ration            |     1 |       |       ||     1
Armor: Skin              |    72 |    63 |   178 ||   313
Dodge: Dodged            |    87 |    75 |   281 ||   443
